 Dungeon Crawl Stone Soup version 0.27-a0-277-g024f7ef292 (webtiles) character file.

Game seed: 17619986690115251128

101 KristoblXynda the Shield-Bearer (level 4, -1/34 HPs)
             Began as a Vampire Fighter on Feb 5, 2021.
             Was an Initiate of Yredelemnul.
             Slain by an ogre
             ... wielding a +0 giant club
              (17 damage)
             ... on level 4 of the Dungeon.
             The game lasted 00:02:47 (2367 turns).

KristoblXynda the Shield-Bearer (Vampire Fighter)   Turns: 2367, Time: 00:02:48

Health: -1/34      AC:  6    Str: 15    XL:     4   Next: 48%
Magic:  4/4        EV:  6    Int: 11    God:    Yredelemnul [......]
Gold:   179        SH: 14    Dex: 13    Spells: 3/3 levels left

rFire    . . .     SeeInvis +   a - +1 long sword
rCold    . . .     Faith    .   c - +0 kite shield
rNeg     . . .     Spirit   .   b - +0 scale mail
rPois    .         Reflect  +   (no helmet)
rElec    .         Harm     .   (no cloak)
rCorr    .         Rampage  .   (no gloves)
Will     .....                  (no boots)
Stlth    +.........             p - amulet of reflection
HPRegen  0.31/turn              (no ring)
MPRegen  0.09/turn              (no ring)

@: mighty, regenerating quickly
A: fangs 3, see invisible, unbreathing
a: Exsanguinate, Renounce Religion


You were on level 4 of the Dungeon.
You worshipped Yredelemnul.
Yredelemnul was noncommittal.
You visited 1 branch of the dungeon, and saw 4 of its levels.

You collected 179 gold pieces.

Inventory:

Hand Weapons
 a - a +1 long sword (weapon)
Armour
 b - a +0 scale mail (worn)
 c - a +0 kite shield (worn)
Jewellery
 p - an amulet of reflection (around neck)
Wands
 t - a wand of iceblast (7)
Scrolls
 f - 2 scrolls of teleportation {unknown}
 h - 8 scrolls of identify {unknown}
 i - a scroll of remove curse {unknown}
 k - a scroll of immolation {unknown}
 n - 2 scrolls of fog {unknown}
 o - a scroll of blinking {unknown}
 q - a scroll of enchant weapon
 v - a scroll of magic mapping {unknown}
Potions
 d - a potion of might
 e - a potion of magic {unknown}
 g - 4 potions of heal wounds {unknown}
 l - 2 potions of attraction {unknown}
 m - 2 potions of brilliance {unknown}
 r - a potion of invisibility {unknown}
 s - a potion of degeneration {unknown}
 u - a potion of lignification {unknown}


   Skills:
 - Level 2.6 Fighting
 + Level 2.9 Long Blades
 + Level 3.0 Armour
 + Level 3.0 Stealth
 + Level 3.3 Shields


You had 3 spell levels left.
You didn't know any spells.
Your spell library contained the following spells:

 Spells                   Type           Power        Failure   Level
 Animate Skeleton         Necr           0%           99%         1
 Apportation              Tloc           0%           99%         1
 Corona                   Hex            0%           99%         1
 Summon Small Mammal      Summ           0%           99%         1


Dungeon Overview and Level Annotations

Branches:
Dungeon (4/15)
 Temple: D:4-7

Altars:
Wu Jian
Yredelemnul


Innate Abilities, Weirdness & Mutations

Your natural rate of healing is unusually fast.
You have razor-sharp teeth.
You have supernaturally acute eyesight. (SInv)
You can survive without breathing.


Message History

Unknown command.
Okay, then.
It was a potion of curing.
You feel better. The ogre hits you with a +0 giant club!
Unknown command.
You feel better.
You feel very mighty all of a sudden. You block the ogre's attack.
You slash the ogre! Your bite misses the ogre.
The ogre is moderately wounded.
The ogre hits you with a +0 giant club!
* * * LOW HITPOINT WARNING * * *
You feel better. The ogre completely misses you.
Unknown command.
You slice the ogre!!
The ogre is almost dead.
The ogre hits you with a +0 giant club!
Ouch! That really hurt!
You die...
Yredelemnul claims you as an undead slave.

#.###.#### . #.#
#.##.. . #(# #.##.# .
#.# #.##.# . #<#
#.##.# #####. #.#
#.##.# #....# #.
#.##.# #.###.
#.###.###.##.## #.# .
#.....@O......####.#
<
...#####.........##.#
. #..........#.# .
#............# .
#.######>..### . #.#
##.## ... #.# ###.
#.# . #.#


You could see an ogre.

Vanquished Creatures
  5 adders
  A dart slug (D:1)
  A leopard gecko (D:3)
  An orc (D:3)
  3 bats
  2 giant cockroaches (D:3)
  6 goblins
  9 hobgoblins
  4 jackals (D:2)
  3 kobolds (D:2)
  A quokka (D:3)
  3 ball pythons
  6 frilled lizards
  5 rats
  A spectral orc (D:2)
51 creatures vanquished.

Notes
Turn   | Place    | Note
-------+----------+-------------------------------------------
     0 | D:1      | KristoblXynda the Vampire Fighter began the quest for the
                  | Orb.
     0 | D:1      | Reached XP level 1. HP: 17/17 MP: 1/1
   114 | D:1      | Reached skill level 1 in Stealth
   150 | D:1      | Reached XP level 2. HP: 23/23 MP: 2/2
   497 | D:2      | Reached XP level 3. HP: 27/28 MP: 3/3
  1389 | D:2      | Found a basalt altar of Yredelemnul.
  1401 | D:2      | Became a worshipper of Yredelemnul the Dark
  1601 | D:3      | Reached XP level 4. HP: 32/34 MP: 4/4
  1811 | D:3      | Found an ornate altar of the Wu Jian Council.
  2195 | D:3      | Noticed a spectral centipede
  2195 | D:3      | Noticed a spectral black mamba
  2195 | D:3      | Noticed a spectral cane toad
  2340 | D:4      | Noticed an ogre
  2367 | D:4      | Slain by an ogre

Illustrated notes

Levels and vault maps discovered:
D:1:      minmay_arrival_semitransparent, layout_rooms
D:2:      layout_basic, nicolae_overflow_hidden_temple,
          yredelemnul_forgotten_temple_becter
D:3:      layout_loops_ring, pdpol_wu_jian_five_deadly_venoms, st_stairs_4,
          minmay_misc_feat_rugged
D:4:      layout_loops_ring, lemuel_blue_sif_altar,
          eat_drink_and_be_merry_uskayaw, serial_shops, kennysheep_mini_moat,
          serial_bayou_pond_e, nicolae_ashenzari_panopticon

Skill      XL: |  1  2  3  4 |
---------------+-------------+-----
Stealth        | 1 2 3 |  3.0
Shields        | 3 |  3.3
Armour         | 3 |  3.0
Fighting       | |  2.6
Long Blades    | |  2.9

Action                   |  1- 3 |  4- 6 || total
-------------------------+-------+-------++-------
Melee: Long sword        |   118 |    39 ||   157
       Bite              |     6 |     4 ||    10
  Use: Potion            |       |     4 ||     4
       Scroll            |       |     1 ||     1
Armor: Scale mail        |    60 |    16 ||    76
Dodge: Dodged            |    31 |     7 ||    38
Block: Kite shield       |    70 |    26 ||    96
       Rpst.: Long sword |    11 |     2 ||    13

Table legend: (Time is in decaauts)
 A = Elapsed time spent in this place.
 B = Non-inter-level travel time spent in this place.
 C = Inter-level travel time spent in this place.
 D = Time resting spent in this place.
 E = Time spent auto-exploring this place.
 F = Levels seen in this place.
 G = Mean time per level.
                   A        B        C        D        E       F      G
               +--------+--------+--------+--------+--------+-----+--------+
         Total |   2446 |   2369 |     77 |      0 |   1855 |   4 |  611.5 |
       Dungeon |   2446 |   2369 |     77 |      0 |   1855 |   4 |  611.5 |
               +--------+--------+--------+--------+--------+-----+--------+

Top non-repeatable levels by time:
     D:2: 1130 daAuts
     D:3: 766 daAuts
     D:1: 440 daAuts
     D:4: 108 daAuts
